 Dungeon Sprint DCSS version 0.23-a0-694-g178e528 (webtiles) character file.

2638386 TheOrbIsALie the Genius of the Arcane (level 23, 284/284 HPs)
             Began as a Demonspawn Conjurer on Jan 11, 2019.
             Was the Champion of Sif Muna.
             Escaped with the Orb
             ... and 2 runes!
             The game lasted 01:45:55 (13014 turns).

TheOrbIsALie the Genius of the Arcane (DsCj)       Turns: 13014, Time: 01:45:55

Health: 284/284    AC: 31    Str: 22    XL:     23   Next: 34%
Magic:  42/54      EV: 39    Int: 30    God:    Sif Muna [******]
Gold:   133        SH:  0    Dex: 18    Spells: 27/76 levels left

rFire    + + +     SeeInvis .   m - staff of energy
rCold    + . .     Gourm    .   (no shield)
rNeg     + + .     Faith    .   t - +0 troll leather armour
rPois    .         Spirit   +   (helmet unavailable)
rElec    +         Reflect  .   g - +4 dragonskin cloak
rCorr    +         Harm     .   f - +4 pair of gloves
MR       +....     NoTele   +   u - +4 pair of boots
Stlth    +++.......             O - amulet of Irile {RegenMP Str+4 Int+7}
HPRegen  0.97/turn              a - ring "Damnable Contraption" {Fire rElec rN+ Str+4 Dex+4}
MPRegen  0.93/turn              T - ring "Riofrus" {rC+ EV+6 Str+2}

@: deflect missiles
A: horns 3, yellow scales 3, blurry vision 1, fire resistance 1, mutation
resistance 1, robust 3, magic shield, magic regeneration, flame cloud immunity
0: Orb of Zot
}: 2/3 runes: silver, iron
a: Divine Energy, Channel Magic, Forget Spell, Renounce Religion


You escaped.
You worshipped Sif Muna.
Sif Muna was exalted by your worship.
You were full.

You visited 1 branch You collected 133 gold pieces.

Inventory:

Hand Weapons
 o - a +2 quarterstaff of speed
Armour
 f - a +4 pair of gloves (worn)
 g - the +4 dragonskin cloak (worn)
   (You took it off Tiamat in the Dungeon)
 t - a +0 troll leather armour (worn)
 u - a +4 pair of boots (worn)
Magical Staves
 m - an uncursed staff of energy (weapon)
Jewellery
 a - the ring "Damnable Contraption" (left hand) {Fire rElec rN+ Str+4 Dex+4}
   (You took it off an angel in the Dungeon)

   [ring of fire]

   It enhances your fire magic.
   It affects your strength (+4).
   It affects your dexterity (+4).
   It protects you from fire.
   It makes you vulnerable to cold.
   It insulates you from electricity.
   It protects you from negative energy.
 h - a +3 ring of protection
 i - the amulet "Avvagg" {Faith rPois Int+6 Dex-4 Stlth+}
   (You found it in the Dungeon)

   [amulet of faith]

   It allows you to gain divine favour quickly.
   It affects your intelligence (+6).
   It affects your dexterity (-4).
   It protects you from poison.
   It makes you more stealthy.
 s - the amulet of Navvagul {Reflect Fragile rPois rN++ SH+2 Stlth+}
   (You took it off Jory in the Dungeon)

   [amulet of reflection]

   It shields you and reflects attacks.
   It protects you from poison.
   It greatly protects you from negative energy.
   It will be destroyed if unequipped.
   It affects your SH (+2).
   It makes you more stealthy.
 v - the ring "Becul" {rPois rF++ Str+4 Dex+4}
   (You found it in the Dungeon)

   [ring of poison resistance]

   It affects your strength (+4).
   It affects your dexterity (+4).
   It greatly protects you from fire.
   It protects you from poison.
 x - the ring "Ganaose" {rF+ rN+}
   (You took it off a kobold demonologist in the Dungeon)

   [ring of protection from fire]

   It protects you from fire.
   It protects you from negative energy.
 E - the amulet of Zeash {rF+ MR+ Regen+}
   (You found it in the Dungeon)

   [amulet of regeneration]

   It protects you from fire.
   It affects your resistance to hostile enchantments.
   It increases your rate of regeneration.
 G - the amulet of Voneorau {RegenMP rElec MR+}
   (You found it in the Dungeon)

   [amulet of magic regeneration]

   It increases your magic regeneration.
   It insulates you from electricity.
   It affects your resistance to hostile enchantments.
 H - the ring "Axzakh" {rC+ Int+4 Dex+4 Stlth-}
   (You found it in the Dungeon)

   [ring of protection from cold]

   It affects your intelligence (+4).
   It affects your dexterity (+4).
   It protects you from cold.
   It makes you less stealthy.
 I - the ring of Autumn {Wiz MP+9}
   (You found it in the Dungeon)

   [ring of wizardry]

   It improves your spell success rate.
   It affects your magic capacity (+9).
 J - the amulet of Makhleb's Supremacy {RegenMP MR++}
   (You found it in the Dungeon)

   [amulet of magic regeneration]

   It increases your magic regeneration.
   It affects your resistance to hostile enchantments.
 K - the amulet of the Princess {+Rage Int+3}
   (You found it in the Dungeon)

   [amulet of rage]

   It affects your intelligence (+3).
   It lets you go berserk.
 L - the ring "Echob" {rC+ Str+3 Slay+3}
   (You found it in the Dungeon)

   [ring of protection from cold]

   It affects your strength (+3).
   It affects your accuracy and damage with ranged weapons and melee attacks
   (+3).
   It protects you from cold.
 M - the ring of Xuofugin {Fire rN+ Str-4 Slay+5 SInv}
   (You found it in the Dungeon)

   [ring of fire]

   It enhances your fire magic.
   It affects your strength (-4).
   It affects your accuracy and damage with ranged weapons and melee attacks
   (+5).
   It protects you from fire.
   It makes you vulnerable to cold.
   It protects you from negative energy.
   It lets you see invisible.
 N - the amulet of Tenatatt {RegenMP rElec MP+9}
   (You found it in the Dungeon)

   [amulet of magic regeneration]

   It increases your magic regeneration.
   It insulates you from electricity.
   It affects your magic capacity (+9).
 O - the amulet of Irile (around neck) {RegenMP Str+4 Int+7}
   (You found it in the Dungeon)

   [amulet of magic regeneration]

   It increases your magic regeneration.
   It affects your strength (+4).
   It affects your intelligence (+7).
 P - the ring of Axzahaewn {rElec rF+ Slay+2}
   (You found it in the Dungeon)

   [ring of protection from fire]

   It affects your accuracy and damage with ranged weapons and melee attacks
   (+2).
   It protects you from fire.
   It insulates you from electricity.
 Q - the ring "Tazxinuk" {rElec rPois MR- Slay+3 SInv}
   (You took it off a centaur in the Dungeon)

   [ring of slaying]

   It affects your accuracy and damage with ranged weapons and melee attacks
   (+3).
   It insulates you from electricity.
   It protects you from poison.
   It affects your resistance to hostile enchantments.
   It lets you see invisible.
 R - the ring "Weuskock" {rF+ MR- Slay+3 SInv}
   (You found it in the Dungeon)

   [ring of see invisible]

   It affects your accuracy and damage with ranged weapons and melee attacks
   (+3).
   It protects you from fire.
   It affects your resistance to hostile enchantments.
   It lets you see invisible.
 S - the ring of Amammoaf {MR+ Str+3}
   (You found it in the Dungeon)

   [ring of protection from magic]

   It affects your strength (+3).
   It affects your resistance to hostile enchantments.
 T - the ring "Riofrus" (right hand) {rC+ EV+6 Str+2}
   (You found it in the Dungeon)

   [ring of evasion]

   It affects your evasion (+6).
   It affects your strength (+2).
   It protects you from cold.
 U - the ring "Hijuqoi" {Ice rPois Dex+3}
   (You found it in the Dungeon)

   [ring of ice]

   It enhances your ice magic.
   It affects your dexterity (+3).
   It makes you vulnerable to fire.
   It protects you from cold.
   It protects you from poison.
 V - the ring of the Griffon {rElec MR- Int+6 Dex+3 Stlth+}
   (You found it in the Dungeon)

   [ring of intelligence]

   It affects your intelligence (+6).
   It affects your dexterity (+3).
   It insulates you from electricity.
   It affects your resistance to hostile enchantments.
   It makes you more stealthy.
 W - the ring "Dioj" {Str+3 Int+3 Dex+6 SInv Stlth-}
   (You found it in the Dungeon)

   [ring of dexterity]

   It affects your strength (+3).
   It affects your intelligence (+3).
   It affects your dexterity (+6).
   It lets you see invisible.
   It makes you less stealthy.
Wands
 w - a wand of acid (20)
 F - a wand of flame (26)
 Y - a wand of digging (5)
Scrolls
 j - 6 scrolls of remove curse
 k - 5 scrolls of amnesia
 l - a scroll of summoning
 y - 4 scrolls of identify
 B - 5 scrolls of enchant weapon
 C - 4 scrolls of fog
 D - 7 scrolls of fear
Potions
 b - a potion of invisibility
 d - 10 potions of curing
 e - 20 potions of heal wounds
 n - 2 potions of ambrosia
 p - 4 potions of resistance
 q - 5 potions of berserk rage
 r - 6 potions of haste
 z - 2 potions of might
 A - 7 potions of mutation
 X - 3 potions of agility
 Z - 6 potions of brilliance
Comestibles
 c - 15 rations


   Skills:
 O Level 27 Fighting
 O Level 27 Armour
 O Level 27 Dodging
 O Level 27 Stealth
 O Level 27 Spellcasting
 O Level 27 Conjurations
 - Level 7.8 Charms
 + Level 26.3 Translocations
 O Level 27 Fire Magic
 - Level 16.1 Air Magic
 O Level 27 Earth Magic
 O Level 27 Invocations


You had 27 spell levels left.
You knew the following spells:

 Your Spells              Type           Power        Failure   Level  Hunger
a - Magic Dart            Conj           ####         0%          1    None
b - Iskenderun's Mystic   Conj           ########     0%          4    None
c - Fireball              Conj/Fire      ########..   0%          5    None
d - Fire Storm            Conj/Fire      ########..   1%          9    None
e - Blink                 Tloc           N/A          0%          2    None
f - Iron Shot             Conj/Erth      ########..   0%          6    None
g - Controlled Blink      Tloc           N/A          1%          8    None
h - Deflect Missiles      Chrm/Air       #######...   1%          6    None
i - Lehudib's Crystal Sp  Conj/Erth      ########..   1%          8    None

Your spell library contained the following spells:

 Spells                   Type           Power        Failure   Level  Hunger
 Apportation              Tloc           ######       0%          1    None
 Flame Tongue             Conj/Fire      #####        0%          1    None
 Sandblast                Erth           ######       0%          1    None
 Shock                    Conj/Air       ####         0%          1    None
 Sting                    Conj/Pois      ####         0%          1    None
 Passwall                 Tmut/Erth      #######.     0%          2    None
 Searing Ray              Conj           ######       0%          2    None
 Shroud of Golubria       Chrm/Tloc      #######...   0%          2    None
 Swiftness                Chrm/Air       #######.     0%          2    None
 Throw Flame              Conj/Fire      ######       0%          2    None
 Throw Frost              Conj/Ice       ######       0%          2    None
 Conjure Flame            Conj/Fire      ########     0%          3    None
 Dazzling Spray           Conj/Hex       ######       0%          3    None
 Gell's Gravitas          Tloc           ########..   0%          3    None
 Inner Flame              Hex/Fire       ########     0%          3    None
 Lesser Beckoning         Tloc           ########..   0%          3    None
 Mephitic Cloud           Conj/Pois/Air  #######.     0%          3    None
 Portal Projectile        Hex/Tloc       ######       0%          3    None
 Recall                   Summ/Tloc      N/A          0%          3    None
 Static Discharge         Conj/Air       ########     0%          3    None
 Stone Arrow              Conj/Erth      ######       0%          3    None
 Teleport Other           Tloc           ########     0%          3    None
 Airstrike                Air            #######...   0%          4    None
 Force Lance              Conj/Tloc      ########     0%          4    None
 Sticky Flame             Conj/Fire      ########     0%          4    None
 Bolt of Magma            Conj/Fire/Erth ########..   0%          5    None
 Iskenderun's Battlesphe  Conj/Chrm      #######.     0%          5    None
 Lee's Rapid Deconstruct  Erth           ########..   0%          5    None
 Lightning Bolt           Conj/Air       ########..   0%          5    None
 Bolt of Fire             Conj/Fire      ########..   0%          6    None
 Conjure Ball Lightning   Conj/Air       ########..   0%          6    None
 Dispersal                Tloc           ########..   0%          6    None
 Orb of Destruction       Conj           ########..   0%          7    None
 Animate Skeleton         Necr           N/A          1%          1    None
 Beastly Appendage        Tmut           #####.       1%          1    None
 Confusing Touch          Hex            #####.       1%          1    None
 Corona                   Hex            #####..      1%          1    None
 Freeze                   Ice            ####         1%          1    None
 Infusion                 Chrm           ####         1%          1    None
 Pain                     Necr           ####         1%          1    None
 Summon Butterflies       Summ           #####...     1%          1    None
 Summon Small Mammal      Summ           ####         1%          1    None
 Call Imp                 Summ           #####...     1%          2    None
 Corpse Rot               Necr           N/A          1%          2    None
 Ensorcelled Hibernation  Hex/Ice        #####.       1%          2    None
 Poisonous Vapours        Pois/Air       ######       1%          2    None
 Slow                     Hex            #####...     1%          2    None
 Song of Slaying          Chrm           ######..     1%          2    None
 Sticks to Snakes         Tmut           #####...     1%          2    None
 Sublimation of Blood     Necr           #####.....   1%          2    None
 Call Canine Familiar     Summ           #####...     1%          3    None
 Confuse                  Hex            #####...     1%          3    None
 Ignite Poison            Fire/Tmut/Pois #######.     1%          3    None
 Ozocubu's Armour         Chrm/Ice       ######..     1%          3    None
 Regeneration             Chrm/Necr      ######....   1%          3    None
 Spectral Weapon          Hex/Chrm       ######..     1%          3    None
 Spider Form              Tmut/Pois      #####.....   1%          3    None
 Summon Guardian Golem    Hex/Summ       #####...     1%          3    None
 Tukima's Dance           Hex            #####...     1%          3    None
 Vampiric Draining        Necr           #####.....   1%          3    None
 Fulminant Prism          Conj/Hex       #######...   1%          4    None
 Leda's Liquefaction      Hex/Erth       #######...   1%          4    None
 Petrify                  Tmut/Erth      #######.     1%          4    None
 Summon Lightning Spire   Summ/Air       ######..     1%          4    None
 Throw Icicle             Conj/Ice       #######.     1%          4    None
 Bolt of Draining         Conj/Necr      #######...   1%          5    None
 Borgnjor's Vile Clutch   Necr/Erth      #######...   1%          5    None
 Irradiate                Conj/Tmut      #######...   1%          5    None
 Silence                  Hex/Air        ######....   1%          5    None
 Summon Forest            Summ/Tloc      #######...   1%          5    None
 Venom Bolt               Conj/Pois      #######...   1%          5    None
 Bolt of Cold             Conj/Ice       #######...   1%          6    None
 Freezing Cloud           Conj/Ice/Air   #######...   1%          6    None
 Poison Arrow             Conj/Pois      #######...   1%          6    None
 Statue Form              Tmut/Erth      #######..    1%          6    None
 Ring of Flames           Chrm/Fire      ########..   1%          7    None
 Spellforged Servitor     Conj/Summ      #######...   1%          7    None
 Chain Lightning          Conj/Air       ########..   1%          8    None
 Disjunction              Tloc           ########..   1%          8    None
 Ignition                 Fire           ########..   1%          8    None
 Shatter                  Erth           ########..   1%          9    None
 Malign Gateway           Summ/Tloc      #######...   2%          7    None
 Excruciating Wounds      Chrm/Necr      ######....   3%          5    None
 Animate Dead             Necr           N/A          6%          4    None
 Cause Fear               Hex            #####.....   6%          4    None
 Ice Form                 Ice/Tmut       #####...     6%          4    None
 Olgreb's Toxic Radiance  Pois           #####...     6%          4    None
 Summon Ice Beast         Ice/Summ       #####...     6%          4    None
 Agony                    Necr           #####...     17%         5    None
 Alistair's Intoxication  Tmut/Pois      #####...     17%         5    None
 Aura of Abjuration       Summ           #####.....   17%         5    None
 Blade Hands              Tmut           #####.....   17%         5    None
 Dispel Undead            Necr           #####...     17%         5    None
 Metabolic Englaciation   Hex/Ice        #####.....   17%         5    None
 Summon Demon             Summ           #####.....   17%         5    None
 Summon Mana Viper        Hex/Summ       #####...     17%         5    None
 Yara's Violent Unravell  Hex/Tmut       #####.....   17%         5    None
 Tornado                  Air            #######...   65%         9    None
 Darkness                 Hex            #####.....   67%         6    None
 Death Channel            Necr           #####.....   67%         6    None
 Hydra Form               Tmut           #####.....   67%         6    None
 Invisibility             Hex            #####...     67%         6    None
 Ozocubu's Refrigeration  Ice            #####.....   67%         6    None
 Shadow Creatures         Summ           N/A          67%         6    None
 Simulacrum               Ice/Necr       #####.....   67%         6    None
 Glaciate                 Conj/Ice       #######...   94%         9    None
 Dragon Form              Tmut           #####.....   99%         7    None
 Haunt                    Necr/Summ      #####.....   99%         7    None
 Monstrous Menagerie      Summ           #####.....   99%         7    None
 Summon Greater Demon     Summ           #####.....   99%         7    None
 Summon Hydra             Summ           #####.....   99%         7    None
 Borgnjor's Revivificati  Necr           #####.....   100%        8    None
 Death's Door             Chrm/Necr      ######....   100%        8    None
 Discord                  Hex            #####.....   100%        8    None
 Infestation              Necr           #####.....   100%        8    None
 Necromutation            Tmut/Necr      #####.....   100%        8    None
 Summon Horrible Things   Summ           #####.....   100%        8    None
 Dragon's Call            Summ           #####.....   100%        9    None
 Passage of Golubria      Tloc           Unusable     N/A         4    N/A

Dungeon Overview and Level Annotations

Branches:
Dungeon (1/1)

Altars:
Ashenzari
Cheibriados
Dithmenos
Elyvilon
Fedhas
Gozag
Hepliaklqana
Kikubaaqudgha
Makhleb
Nemelex Xobeh
Okawaru
Qazlal
Ru
Sif Muna
Trog
Uskayaw
Vehumet
Wu Jian
Xom
Yredelemnul
Zin
The Shining One
Beogh
Jiyva
Lugonu


Innate Abilities, Weirdness & Mutations

You have a pair of large horns on your head.
You are completely covered in yellow scales. (AC +4, rCorr)
Your flesh is heat resistant. (rF+)
You are extremely robust. (+30% HP)
When hurt, damage is shared between your health and your magic reserves.
You regenerate magic rapidly.
You are immune to clouds of flame.
Scrolls take you a little longer to read.
You are somewhat resistant to further mutation.


Message History

Press: ? - help, Dir - move target cursor, f - rust devil
Aim: a rust devil You feel a surge of power!
A raging storm of fire appears!
The great blast of fire engulfs the rust devil.
The rust devil partially resists.
The rust devil is almost dead.
Casting: Fire Storm (safe; 1% risk of failure)
Confirm with . or Enter, or press ? or * to list all spells.
Aiming: Fire Storm (safe; 1% risk of failure)
Press: ? - help, Dir - move target cursor, f/p - rust devil
Aim: a rust devil (flame, almost dead)
You feel a surge of power!
A raging storm of fire appears!
The great blast of fire engulfs the rust devil.
The rust devil partially resists.
You kill the rust devil!
Sif Muna accepts your kill.
(D) Dungeon
Where to? (Enter - D @ (x,y), ? - help)
There is a staircase leading out of the dungeon here.
You have escaped!

##########.##...vv.vv........''..
#.(........)'v.v.v.v........)''..
#(#####'#####......#..#(.....##..
#.#..#...'.##..v.....[.).....##..
#.#..#...#.#####'#####''#########
#.#..#####.##.......##''#########
#)#..'...#.##.....v.##(..)..'..'.
#.#..'...'.##.......##).....').'.
#.#..########...@...##)....##..##
#.#..'[))).##.......##(..###....#
#.#..#[))).##.......##))##.......
#'###########.......##''#...#..#.
#.......#..###########..)........
#...#...#)############''#...#..#.
#..)#...#)#....#...[##..##.....[.
#.##.##.#'#....#..[[##...###....#
#...#...#.'....'..))##.....##).##


You could see 4 friendly fire vortices.

Vanquished Creatures
  Asmodeus (D)
  Dissolution (D)
  Ereshkigal (D)
  the Serpent of Hell (D)
  Tiamat (D)
  An orb of fire (D)
  Dispater (D)
  7 ancient liches (D)
  Khufu (D)
  Mara (D)
  Boris (D)
  5 greater mummies (D)
  the Lernaean hydra (D)
  2 Killer Klowns (D)
  Frederick (D)
  Xtahua (D)
  A curse toe (D)
  7 pandemonium lords (D)
  3 golden dragons (D)
  Jory (D)
  Nikola (D)
  A profane servitor (D)
  2 pearl dragons (D)
  3 bone dragons (D)
  4 Brimstone Fiends (D)
  4 Tzitzimimeh (D)
  4 electric golems (D)
  2 Hell Sentinels (D)
  2 hellephants (D)
  3 tentacled monstrosities (D)
  18 titans (D)
  3 Ice Fiends (D)
  6 liches (D)
  A quicksilver dragon (D)
  4 deep elf blademasters (D)
  24 Orb Guardians (D)
  An Executioner (D)
  3 deep elf master archers (D)
  Polyphemus (D)
  A sphinx (D)
  3 acid blobs (D)
  7 storm dragons (D)
  A death cob (D)
  2 draconian monks (D)
  2 shadow dragons (D)
  4 nagarajas (D)
  12 fire giants (D)
  2 deep elf sorcerers (D)
  2 azure jellies (D)
  Aizul (D)
  A ghost moth (D)
  An iron dragon (D)
  An emperor scorpion (D)
  14 frost giants (D)
  4 draconian scorchers (D)
  2 draconian stormcallers (D)
  4 ghouls (D)
  2 orc warlords (D)
  2 angels (D)
  A draconian shifter (D)
  Louise (D)
  A spriggan defender (D)
  2 reapers (D)
  15 stone giants (D)
  3 vampire knights (D)
  3 ophanim (D)
  A war gargoyle (D)
  A lorocyproca (D)
  A green draconian (D)
  An apis (D)
  A deep elf demonologist (D)
  6 black draconians (D)
  3 purple draconians (D)
  4 white draconians (D)
  A deep elf annihilator (D)
  8 yellow draconians (D)
  10 blizzard demons (D)
  An eidolon (D)
  A mummy priest (D)
  2 merfolk javelineers (D)
  A deep elf death mage (D)
  3 fire dragons (D)
  3 death oozes (D)
  9 ettins (D)
  A deep elf high priest (D)
  2 green deaths (D)
  Josephine (D)
  4 ice dragons (D)
  3 hydras (D)
  3 vault guards (D)
  2 hell beasts (D)
  2 yaktaur captains (D)
  A spriggan air mage (D)
  2 catoblepae (D)
  2 centaur warriors (D)
  4 naga warriors (D)
  2 merfolk avatars (D)
  3 dancing weapons (D)
  A death knight (D)
  An alligator snapping turtle (D)
  A two-headed ogre (D)
  A death yak (D)
  2 ogre magi (D)
  A deep troll shaman (D)
  5 vampire magi (D)
  3 spriggan berserkers (D)
  A deep elf knight (D)
  2 sixfirhies (D)
  A fire crab (D)
  8 skeletal warriors (D)
  An iron troll (D)
  A death drake (D)
  A spriggan druid (D)
  A sea snake (D)
  A swamp dragon (D)
  3 flayed ghosts (D)
  3 deep trolls (D)
  2 cherubim (D)
  A lindwurm (D)
  2 wizards (D)
  10 orc knights (D)
  A wolf spider (D)
  A manticore (D)
  An ugly thing (D)
  18 cyclopes (D)
  3 moths of wrath (D)
  4 elephants (D)
  Psyche (D)
  A naga mage (D)
  2 guardian serpents (D)
  2 rust devils (D)
  A gargoyle (D)
  A smoke demon (D)
  A hellion (D)
  2 kobold demonologists (D)
  A rime drake (D)
  2 yaktaurs (D)
  3 ice devils (D)
  2 efreet (D)
  5 freezing wraiths (D)
  2 tormentors (D)
  A komodo dragon (D)
  4 merfolk (D)
  2 trolls (D)
  A polar bear (D)
  2 wind drakes (D)
  A tyrant leech (D)
  A wind drake (shapeshifter) (D)
  3 slime creatures (D)
  A hornet (D)
  A blink frog (D)
  A hippogriff (D)
  2 tarantellas (D)
  2 redbacks (D)
  A shadow (D)
  6 wraiths (D)
  A ynoxinul (D)
  Eustachio (D)
  2 large abominations (D)
  2 water elementals (D)
  6 vampires (D)
  2 spriggans (D)
  A wyvern (D)
  2 golden eyes (D)
  A chaos spawn (D)
  A steam dragon (D)
  A warg (D)
  A soldier ant (D)
  2 acid dragons (D)
  A naga (D)
  3 hell hounds (D)
  A water moccasin (D)
  A floating eye (D)
  An eye of draining (D)
  An orc warrior (D)
  A centaur (D)
  A crocodile (D)
  3 big kobolds (D)
  A gnoll sergeant (D)
  7 killer bees (D)
  A jelly (D)
  A quasit (D)
  An iron imp (D)
  An orc priest (D)
  3 orc wizards (D)
  An iguana (D)
  Jessica (D)
  A worker ant (D)
  3 gnolls (D)
  An adder (D)
  2 white imps (D)
  2 adder zombies (D)
  3 adder skeletons (D)
  A worm (D)
  An adder simulacrum (D)
  A leopard gecko (D)
  11 orcs (D)
  3 bat skeletons (D)
  2 bat zombies (D)
  A goblin (D)
  8 jackals (D)
  4 kobolds (D)
  A quokka (D)
  A ball python zombie (D)
  2 bat simulacra (D)
  2 frilled lizards (D)
  A giant cockroach simulacrum (D)
  A jackal skeleton (D)
  A jackal zombie (D)
  A leopard gecko simulacrum (D)
  A leopard gecko skeleton (D)
  2 leopard gecko zombies (D)
  A quokka skeleton (D)
  2 rats (D)
558 creatures vanquished.

Vanquished Creatures (collateral kills)
  2 Orb Guardians (D)
  A quicksilver dragon (D)
  A deep elf blademaster (D)
  A titan (D)
  A frost giant (D)
  A ghost moth (D)
  A reaper (D)
  A yellow draconian (D)
  A yaktaur captain (D)
  An alligator snapping turtle (D)
  A vampire mage (D)
  A skeletal warrior (D)
  An elephant (D)
  A wandering mushroom (D)
  A water elemental (D)
  A wraith (D)
  A golden eye (D)
  A floating eye (D)
  A killer bee (D)
  2 mummies (D)
  An adder zombie (D)
  An adder simulacrum (D)
  A bat zombie (D)
  A quokka zombie (D)
26 creatures vanquished.

Vanquished Creatures (others)
  An eldritch tentacle (D)
  A golden eye (D)
  379 fire vortices (D)
381 creatures vanquished.

Grand Total: 965 creatures vanquished

Notes
Turn   | Place    | Note
-------+----------+-------------------------------------------
     0 | D        | TheOrbIsALie the Demonspawn Conjurer began the quest for
                  | the Orb.
     0 | D        | Reached XP level 1. HP: 13/13 MP: 3/3
    53 | D        | Found a bloodstained altar of Trog.
    53 | D        | Found a deep blue altar of Sif Muna.
    53 | D        | Found a viscous altar of Jiyva.
    53 | D        | Found a hazy altar of Hepliaklqana.
    53 | D        | Found an opulent altar of Gozag.
    54 | D        | Found a glowing golden altar of the Shining One.
    54 | D        | Found a glowing silver altar of Zin.
    54 | D        | Found a basalt altar of Yredelemnul.
    54 | D        | Found a shimmering altar of Xom.
    54 | D        | Found an ornate altar of the Wu Jian Council.
    54 | D        | Found a sacrificial altar of Ru.
    54 | D        | Found a stormy altar of Qazlal.
    54 | D        | Found an iron altar of Okawaru.
    54 | D        | Found a sparkling altar of Nemelex Xobeh.
    54 | D        | Found a burning altar of Makhleb.
    54 | D        | Found a blossoming altar of Fedhas.
    54 | D        | Found a white marble altar of Elyvilon.
    54 | D        | Found a shadowy altar of Dithmenos.
    54 | D        | Found a snail-covered altar of Cheibriados.
    56 | D        | Found a radiant altar of Vehumet.
    56 | D        | Found a corrupted altar of Lugonu.
    56 | D        | Found a roughly hewn altar of Beogh.
    57 | D        | Found a hide-covered altar of Uskayaw.
    57 | D        | Found an ancient bone altar of Kikubaaqudgha.
    57 | D        | Found a shattered altar of Ashenzari.
    59 | D        | Became a worshipper of Sif Muna the Loreminder
   215 | D        | Reached skill level 5 in Conjurations
   518 | D        | Noticed a floating eye
   518 | D        | Noticed a worker ant
   518 | D        | Noticed an iguana
   531 | D        | Reached * piety under Sif Muna
   531 | D        | Gained mutation: You have a pair of small horns on your
                  | head. [demonic ancestry]
   531 | D        | Reached XP level 2. HP: 14/19 MP: 5/5
   535 | D        | Paralysed by a floating eye for 2 turns
   537 | D        | Reached ** piety under Sif Muna
   537 | D        | Gained mutation: You are partially covered in yellow
                  | scales. (AC +2) [demonic ancestry]
   537 | D        | Reached XP level 3. HP: 9/24 MP: 6/6
   547 | D        | Paralysed by a floating eye for 4 turns
   553 | D        | Paralysed by a floating eye for 2 turns
   563 | D        | Paralysed by a floating eye for 2 turns
   573 | D        | Paralysed by a floating eye for 2 turns
   578 | D        | Paralysed by a floating eye for 3 turns
   584 | D        | Paralysed by a floating eye for 2 turns
   589 | D        | Paralysed by a floating eye for 4 turns
   596 | D        | Paralysed by a floating eye for 2 turns
   608 | D        | Paralysed by a floating eye for 4 turns
   618 | D        | Paralysed by a floating eye for 2 turns
   621 | D        | Paralysed by a floating eye for 4 turns
   631 | D        | Paralysed by a floating eye for 2 turns
   638 | D        | Paralysed by a floating eye for 3 turns
   644 | D        | Paralysed by a floating eye for 3 turns
   651 | D        | Paralysed by a floating eye for 4 turns
   658 | D        | Paralysed by a floating eye for 3 turns
   673 | D        | Paralysed by a floating eye for 3 turns
   678 | D        | Paralysed by a floating eye for 3 turns
   684 | D        | Paralysed by a floating eye for 2 turns
   688 | D        | Paralysed by a floating eye for 4 turns
   695 | D        | Paralysed by a floating eye for 4 turns
   704 | D        | Paralysed by a floating eye for 3 turns
   710 | D        | Paralysed by a floating eye for 2 turns
   720 | D        | Paralysed by a floating eye for 2 turns
   731 | D        | Paralysed by a floating eye for 4 turns
   738 | D        | Paralysed by a floating eye for 2 turns
   747 | D        | Paralysed by a floating eye for 4 turns
   755 | D        | Paralysed by a floating eye for 4 turns
   762 | D        | Paralysed by a floating eye for 2 turns
   767 | D        | Paralysed by a floating eye for 2 turns
   773 | D        | Paralysed by a floating eye for 2 turns
   782 | D        | Paralysed by a floating eye for 4 turns
   789 | D        | Paralysed by a floating eye for 3 turns
   794 | D        | Paralysed by a floating eye for 3 turns
   800 | D        | Paralysed by a floating eye for 2 turns
   808 | D        | Paralysed by a floating eye for 2 turns
   811 | D        | Killed a floating eye
   811 | D        | Reached *** piety under Sif Muna
   811 | D        | Reached skill level 10 in Conjurations
   811 | D        | Reached XP level 4. HP: 30/30 MP: 7/7
   817 | D        | Reached XP level 5. HP: 33/35 MP: 4/8
   990 | D        | Noticed Jessica
  1007 | D        | Learned a level 4 spell: Iskenderun's Mystic Blast
  1013 | D        | Reached **** piety under Sif Muna
  1092 | D        | Noticed a water moccasin
  1107 | D        | Killed Jessica
  1107 | D        | Reached skill level 5 in Spellcasting
  1315 | D        | Killed a water moccasin
  1315 | D        | Gained mutation: You have a pair of horns on your head.
                  | [demonic ancestry]
  1315 | D        | Reached XP level 6. HP: 52/52 MP: 0/13
  1458 | D        | Noticed an ice devil
  1501 | D        | Killed an ice devil
  1501 | D        | Reached skill level 10 in Fighting
  1501 | D        | Gained mutation: Your flesh is heat resistant. (rF+)
                  | [demonic ancestry]
  1501 | D        | Reached XP level 7. HP: 25/66 MP: 5/14
  1809 | D        | Noticed a cyclops
  1809 | D        | Noticed a komodo dragon
  1827 | D        | Reached ***** piety under Sif Muna
  2017 | D        | Killed a komodo dragon
  2017 | D        | Reached XP level 8. HP: 75/75 MP: 0/15
  2133 | D        | Killed a cyclops
  2314 | D        | Noticed a deep troll
  2314 | D        | Noticed a two-headed ogre
  2340 | D        | Killed a deep troll
  2340 | D        | Identified Sif Muna's Collected Works on the Hurtful
                  | Traveller (Sif Muna gifted it to you in the Dungeon)
  2340 | D        | Received a gift from Sif Muna
  2421 | D        | Gained mutation: You are mostly covered in yellow scales.
                  | (AC +3) [demonic ancestry]
  2421 | D        | Reached XP level 9. HP: 81/81 MP: 0/22
  2467 | D        | Noticed a flayed ghost
  2468 | D        | Killed a two-headed ogre
  2468 | D        | Received a gift from Sif Muna
  2488 | D        | Killed a flayed ghost
  2521 | D        | Noticed an ice devil
  2531 | D        | Killed an ice devil
  2595 | D        | Noticed a lindwurm
  2600 | D        | Killed a lindwurm
  2600 | D        | Identified Gesal's Compendium of Sinister Summoning (Sif
                  | Muna gifted it to you in the Dungeon)
  2600 | D        | Received a gift from Sif Muna
  2607 | D        | Gained mutation: You have a pair of large horns on your
                  | head. [demonic ancestry]
  2607 | D        | Reached XP level 10. HP: 88/88 MP: 7/26
  2857 | D        | Identified Sif Muna's Incunabulum of Conjuration (Sif Muna
                  | gifted it to you in the Dungeon)
  2857 | D        | Received a gift from Sif Muna
  3163 | D        | Noticed a cyclops
  3249 | D        | Reached skill level 15 in Conjurations
  3259 | D        | Killed a cyclops
  3310 | D        | Identified Sif Muna's Collected Works on the Lethal
                  | Mountains (Sif Muna gifted it to you in the Dungeon)
  3310 | D        | Received a gift from Sif Muna
  3567 | D        | Noticed Josephine
  3602 | D        | Killed Josephine
  3621 | D        | Noticed Psyche
  3628 | D        | Killed Psyche
  3628 | D        | Received a gift from Sif Muna
  3837 | D        | Reached XP level 11. HP: 93/93 MP: 14/27
  4085 | D        | Received a gift from Sif Muna
  4173 | D        | Noticed a flayed ghost
  4186 | D        | Killed a flayed ghost
  4341 | D        | Learned a level 5 spell: Fireball
  4441 | D        | Noticed a nagaraja
  4475 | D        | Killed a nagaraja
  4475 | D        | Identified Sif Muna's Handbook of Earthen Confrontation
                  | (Sif Muna gifted it to you in the Dungeon)
  4475 | D        | Received a gift from Sif Muna
  4686 | D        | Noticed Eustachio
  4694 | D        | Killed Eustachio
  4694 | D        | Noticed a catoblepas
  4774 | D        | Killed a catoblepas
  4931 | D        | Noticed a sixfirhy
  4934 | D        | Killed a sixfirhy
  5024 | D        | Noticed a naga warrior
  5024 | D        | Noticed a naga warrior
  5026 | D        | Noticed an alligator snapping turtle
  5028 | D        | Reached ****** piety under Sif Muna
  5028 | D        | Identified Xoatin's Papyrus of Conjuration (Sif Muna gifted
                  | it to you in the Dungeon)
  5028 | D        | Received a gift from Sif Muna
  5030 | D        | Killed a naga warrior
  5036 | D        | Killed a naga warrior
  5065 | D        | Killed an alligator snapping turtle
  5065 | D        | Gained mutation: You are completely covered in yellow
                  | scales. (AC +4, rCorr) [demonic ancestry]
  5065 | D        | Reached XP level 12. HP: 63/100 MP: 5/28
  5190 | D        | Noticed a yellow draconian
  5207 | D        | Killed a yellow draconian
  5342 | D        | Noticed a black draconian
  5364 | D        | Killed a black draconian
  5364 | D        | Identified Sif Muna's Incunabulum of the Ladybird (Sif Muna
                  | gifted it to you in the Dungeon)
  5364 | D        | Received a gift from Sif Muna
  5364 | D        | Reached skill level 10 in Fire Magic
  5385 | D        | Learned a level 9 spell: Fire Storm
  5554 | D        | Noticed a death knight
  5554 | D        | Noticed a hell beast
  5563 | D        | Killed a hell beast
  5642 | D        | Killed a death knight
  5758 | D        | Noticed a black draconian
  5765 | D        | Killed a black draconian
  5765 | D        | Identified Sif Muna's Catalogue of the Sinister Birds (Sif
                  | Muna gifted it to you in the Dungeon)
  5765 | D        | Received a gift from Sif Muna
  5800 | D        | Noticed a purple draconian
  5804 | D        | Killed a purple draconian
  5918 | D        | Noticed an ogre mage
  5922 | D        | Killed an ogre mage
  5993 | D        | Noticed a black draconian shifter
  6009 | D        | Noticed a purple draconian scorcher
  6014 | D        | Killed a purple draconian scorcher
  6030 | D        | Killed a black draconian shifter
  6030 | D        | Received a gift from Sif Muna
  6030 | D        | Reached skill level 15 in Fire Magic
  6065 | D        | Noticed a deep elf demonologist
  6068 | D        | Killed a deep elf demonologist
  6150 | D        | Noticed a purple draconian scorcher
  6171 | D        | Killed a purple draconian scorcher
  6276 | D        | Identified Sif Muna's Tome of the Unstable Entourage (Sif
                  | Muna gifted it to you in the Dungeon)
  6276 | D        | Received a gift from Sif Muna
  6347 | D        | Noticed an ogre mage
  6360 | D        | Killed an ogre mage
  6360 | D        | Reached XP level 13. HP: 106/106 MP: 13/29
  6439 | D        | Noticed a deep elf annihilator
  6439 | D        | Noticed a nagaraja
  6453 | D        | Killed a nagaraja
  6456 | D        | Killed a deep elf annihilator
  6464 | D        | Noticed a purple draconian
  6476 | D        | Killed a purple draconian
  6621 | D        | Noticed a lich
  6633 | D        | Killed a lich
  6633 | D        | Identified Sif Muna's Almanac of Helpful Combat Magic (Sif
                  | Muna gifted it to you in the Dungeon)
  6633 | D        | Received a gift from Sif Muna
  6746 | D        | Noticed a red draconian scorcher
  6757 | D        | Killed a red draconian scorcher
  6797 | D        | Noticed an ettin
  6797 | D        | Noticed a deep elf sorcerer
  6801 | D        | Killed an ettin
  6802 | D        | Killed a deep elf sorcerer
  6804 | D        | Noticed a sphinx
  6804 | D        | Noticed a nagaraja
  6824 | D        | Paralysed by a sphinx for 6 turns
  6834 | D        | Killed a sphinx
  6834 | D        | Identified Sif Muna's Catalogue of Damaging Toxins (Sif
                  | Muna gifted it to you in the Dungeon)
  6834 | D        | Received a gift from Sif Muna
  6836 | D        | Killed a nagaraja
  7090 | D        | Got the amulet of Zeash {rF+ MR+ Regen+}
  7092 | D        | Got the amulet of False Pretenses {Regen+ Slay+3}
  7094 | D        | Got the amulet of Voneorau {RegenMP rElec MR+}
  7096 | D        | Got the amulet "Cimos" {*Contam +Rage rC+ Str+6}
  7098 | D        | Got the amulet "Toidoes" {+Rage Str+4 Int+4}
  7100 | D        | Got the amulet of Makhleb's Supremacy {RegenMP MR++}
  7102 | D        | Got the amulet of the Princess {+Rage Int+3}
  7104 | D        | Got the ring "Echob" {rC+ Str+3 Slay+3}
  7106 | D        | Got the amulet "Vapreas" {Spirit rPois Int+2 Slay+2}
  7108 | D        | Got the amulet of Tenatatt {RegenMP rElec MP+9}
  7110 | D        | Got the amulet of Irile {RegenMP Str+4 Int+7}
  7113 | D        | Got the amulet of Xom's Flight of Fancy {Spirit Dex+6}
  7117 | D        | Got the amulet "Ykygo" {Spirit rPois Int+5 Dex-2}
  7156 | D        | Got the ring "Axzakh" {rC+ Int+4 Dex+4 Stlth-}
  7158 | D        | Got the ring of Autumn {Wiz MP+9}
  7160 | D        | Got the ring of Xuofugin {Fire rN+ Str-4 Slay+5 SInv}
  7162 | D        | Got the ring of Axzahaewn {rElec rF+ Slay+2}
  7164 | D        | Got the ring of Numuf {Ice Str+5 Stlth-}
  7166 | D        | Got the ring "Weuskock" {rF+ MR- Slay+3 SInv}
  7168 | D        | Got the ring of Amammoaf {MR+ Str+3}
  7170 | D        | Got the ring "Riofrus" {rC+ EV+6 Str+2}
  7173 | D        | Got the ring "Hijuqoi" {Ice rPois Dex+3}
  7175 | D        | Got the ring of the Griffon {rElec MR- Int+6 Dex+3 Stlth+}
  7177 | D        | Got the ring "Dioj" {Str+3 Int+3 Dex+6 SInv Stlth-}
  7179 | D        | Got the ring "Iptye" {*Contam +Fly rC+ MR+ Int+3}
  7324 | D        | Noticed an orc warlord
  7352 | D        | Identified Haon's Collected Works on Warped Toxins (Sif
                  | Muna gifted it to you in the Dungeon)
  7352 | D        | Received a gift from Sif Muna
  7357 | D        | Killed an orc warlord
  7441 | D        | Noticed Aizul
  7447 | D        | Noticed an orc warlord
  7448 | D        | Killed Aizul
  7448 | D        | Reached skill level 15 in Spellcasting
  7455 | D        | Identified Sif Muna's Tome of Dark Confrontation (Sif Muna
                  | gifted it to you in the Dungeon)
  7455 | D        | Received a gift from Sif Muna
  7459 | D        | Killed an orc warlord
  7459 | D        | Gained mutation: When hurt, damage is shared between your
                  | health and your magic reserves. [demonic ancestry]
  7459 | D        | Reached XP level 14. HP: 72/113 MP: 0/33
  7555 | D        | Received a gift from Sif Muna
  7588 | D        | Identified Sif Muna's Guide on Shape Shifting and
                  | Protection (Sif Muna gifted it to you in the Dungeon)
  7588 | D        | Received a gift from Sif Muna
  7891 | D        | Noticed an emperor scorpion
  7892 | D        | Identified Sif Muna's Tome of Malediction and the Rocks
                  | (Sif Muna gifted it to you in the Dungeon)
  7892 | D        | Received a gift from Sif Muna
  7996 | D        | Killed an emperor scorpion
  7996 | D        | Identified Sif Muna's Papyrus of Supportive Clay (Sif Muna
                  | gifted it to you in the Dungeon)
  7996 | D        | Received a gift from Sif Muna
  8213 | D        | Received a gift from Sif Muna
  8240 | D        | Identified the ring "Tazxinuk" {rElec rPois MR- Slay+3
                  | SInv}
  8250 | D        | Identified the ring "Ganaose" {rF+ rN+}
  8257 | D        | Identified Sif Muna's Papyrus of Aid and Fire (Sif Muna
                  | gifted it to you in the Dungeon)
  8257 | D        | Received a gift from Sif Muna
  8343 | D        | Identified the +7 rapier of Baoseqy {venom, *Drain +Blink
                  | rC+++ rN+} (You took it off a kobold in the Dungeon)
  8447 | D        | Identified Sif Muna's Grimoire of Confrontation and
                  | Execration (Sif Muna gifted it to you in the Dungeon)
  8447 | D        | Received a gift from Sif Muna
  8449 | D        | Reached skill level 10 in Dodging
  8449 | D        | Reached XP level 15. HP: 104/119 MP: 6/40
  8455 | D        | Noticed a deep elf blademaster
  8458 | D        | Killed a deep elf blademaster
  8532 | D        | Noticed a titan
  8534 | D        | Killed a titan
  8537 | D        | Noticed Polyphemus
  8542 | D        | Killed Polyphemus
  8542 | D        | Reached skill level 15 in Dodging
  8619 | D        | Learned a level 2 spell: Blink
  8639 | D        | Identified the ring of Leidif {rPois Dex+4}
  8710 | D        | Noticed a lich
  8712 | D        | Killed a lich
  8719 | D        | Identified Sif Muna's Tome of Cloudy Envenoming (Sif Muna
                  | gifted it to you in the Dungeon)
  8719 | D        | Received a gift from Sif Muna
  8811 | D        | Noticed a death cob
  8811 | D        | Noticed a deep elf sorcerer
  8812 | D        | Noticed a quicksilver dragon
  8813 | D        | Killed a deep elf sorcerer
  8814 | D        | Killed a death cob
  8836 | D        | Noticed a Hell Sentinel
  8842 | D        | Noticed a storm dragon
  8848 | D        | Killed a storm dragon
  8925 | D        | Learned a level 6 spell: Iron Shot
  8931 | D        | Killed a Hell Sentinel
  9211 | D        | Noticed a deep elf blademaster
  9217 | D        | Killed a deep elf blademaster
  9221 | D        | Killed a quicksilver dragon
  9537 | D        | Noticed a profane servitor
  9538 | D        | Noticed a deep elf blademaster
  9539 | D        | Gained mutation: You regenerate magic rapidly. [demonic
                  | ancestry]
  9539 | D        | Reached XP level 16. HP: 127/127 MP: 31/41
  9540 | D        | Killed an Executioner
  9540 | D        | Identified Sif Muna's Collected Works on Boosts (Sif Muna
                  | gifted it to you in the Dungeon)
  9540 | D        | Received a gift from Sif Muna
  9540 | D        | Killed a deep elf blademaster
  9540 | D        | Reached skill level 15 in Fighting
  9540 | D        | Killed a profane servitor
  9540 | D        | Identified the ring "Damnable Contraption" {Fire rElec rN+
                  | Str+4 Dex+4}
  9540 | D        | Noticed a deep elf blademaster
  9541 | D        | Identified the +8 storm dragon scales of the Skies Above
                  | {rElec Str+5 Int-5}
  9541 | D        | Identified the ring of the Wary Queens {AC+4 Str+2 Stlth+}
  9543 | D        | Killed a deep elf blademaster
  9544 | D        | Identified the +9 demon blade "Zathirph" {elec, rF+}
  9544 | D        | Identified the ring of Incredulity {rElec rN++ Stlth+}
  9545 | D        | Killed a hellephant
  9546 | D        | Noticed Toytac the pandemonium lord
  9550 | D        | Noticed a storm dragon
  9552 | D        | Noticed a bone dragon
  9553 | D        | Killed Toytac the pandemonium lord
  9553 | D        | Received a gift from Sif Muna
  9559 | D        | Killed Boris
  9561 | D        | Noticed a quicksilver dragon
  9562 | D        | Killed a bone dragon
  9562 | D        | Received a gift from Sif Muna
  9565 | D        | Killed a quicksilver dragon
  9565 | D        | Reached skill level 10 in Invocations
  9567 | D        | Killed a storm dragon
  9620 | D        | Identified the amulet of Navvagul {Reflect Fragile rPois
                  | rN++ SH+2 Stlth+}
  9620 | D        | Noticed Jory
  9632 | D        | Killed Jory
  9717 | D        | Noticed a storm dragon
  9717 | D        | Noticed an acid blob
  9720 | D        | Noticed a tentacled monstrosity
  9720 | D        | Noticed a deep elf master archer
  9721 | D        | Noticed a deep elf master archer
  9725 | D        | Killed an acid blob
  9729 | D        | Killed a storm dragon
  9729 | D        | Reached XP level 17. HP: 148/159 MP: 26/42
  9731 | D        | Identified Sif Muna's Compendium of Icy Lightness (Sif Muna
                  | gifted it to you in the Dungeon)
  9731 | D        | Received a gift from Sif Muna
  9731 | D        | Killed a tentacled monstrosity
  9732 | D        | Killed a deep elf master archer
  9735 | D        | Identified Lee's Volume of Earthen Conjuration (Sif Muna
                  | gifted it to you in the Dungeon)
  9735 | D        | Received a gift from Sif Muna
  9749 | D        | Killed a deep elf master archer
  9797 | D        | Noticed a hellephant
  9799 | D        | Identified Sif Muna's Collected Works on Damaging Beguiling
                  | (Sif Muna gifted it to you in the Dungeon)
  9799 | D        | Received a gift from Sif Muna
  9803 | D        | Killed a hellephant
  9881 | D        | Got the ring of Guza {rElec Int-4 Dex+3 Stlth-}
  9886 | D        | Got the amulet "Avvagg" {Faith rPois Int+6 Dex-4 Stlth+}
  9983 | D        | Identified Sif Muna's Tome of Summoning and Air (Sif Muna
                  | gifted it to you in the Dungeon)
  9983 | D        | Received a gift from Sif Muna
  9983 | D        | Received a gift from Sif Muna
  9983 | D        | Killed a lich
  9987 | D        | Identified Sif Muna's Almanac of Greatest Risks and Utility
                  | (Sif Muna gifted it to you in the Dungeon)
  9987 | D        | Received a gift from Sif Muna
 10001 | D        | Learned a level 8 spell: Controlled Blink
 10001 | D        | Noticed a lich
 10002 | D        | Noticed a lich
 10002 | D        | Noticed a lich
 10003 | D        | Killed a lich
 10003 | D        | Identified Uhuatwof's Compendium of Creative Confrontation
                  | (Sif Muna gifted it to you in the Dungeon)
 10003 | D        | Received a gift from Sif Muna
 10004 | D        | Killed a lich
 10004 | D        | Killed a lich
 10004 | D        | Identified Texawud's Incunabulum of the Traveller (Sif Muna
                  | gifted it to you in the Dungeon)
 10004 | D        | Received a gift from Sif Muna
 10004 | D        | Reached skill level 10 in Translocations
 10006 | D        | Noticed a bone dragon
 10018 | D        | Killed a bone dragon
 10018 | D        | Identified Sif Muna's Collected Works on Ashen Evil (Sif
                  | Muna gifted it to you in the Dungeon)
 10018 | D        | Received a gift from Sif Muna
 10044 | D        | Noticed a bone dragon
 10047 | D        | Killed a bone dragon
 10047 | D        | Identified Sif Muna's Disquisition on Destructive Evil (Sif
                  | Muna gifted it to you in the Dungeon)
 10047 | D        | Received a gift from Sif Muna
 10047 | D        | Reached skill level 15 in Translocations
 10086 | D        | Got a silver rune of Zot
 10170 | D        | Noticed Dissolution
 10171 | D        | Noticed a tentacled monstrosity
 10175 | D        | Killed Dissolution
 10175 | D        | Identified Xaunn's Volume of Dark Rituals and the Compass
                  | (Sif Muna gifted it to you in the Dungeon)
 10175 | D        | Received a gift from Sif Muna
 10175 | D        | Identified Ughut's Reference Book on Enthralling Talismans
                  | (Sif Muna gifted it to you in the Dungeon)
 10175 | D        | Received a gift from Sif Muna
 10175 | D        | Reached XP level 18. HP: 166/166 MP: 10/43
 10180 | D        | Killed a tentacled monstrosity
 10182 | D        | Noticed a golden dragon
 10185 | D        | Killed a golden dragon
 10185 | D        | Received a gift from Sif Muna
 10187 | D        | Noticed a curse toe
 10193 | D        | Killed a curse toe
 10193 | D        | Received a gift from Sif Muna
 10307 | D        | Reached skill level 5 in Stealth
 10353 | D        | Noticed a Brimstone Fiend
 10357 | D        | Killed a Brimstone Fiend
 10389 | D        | Reached skill level 10 in Stealth
 10405 | D        | Noticed Louise
 10405 | D        | Noticed a Tzitzimitl
 10405 | D        | Noticed an ancient lich
 10408 | D        | Killed a Tzitzimitl
 10408 | D        | Killed Louise
 10409 | D        | Killed an ancient lich
 10441 | D        | Noticed an electric golem
 10445 | D        | Killed an electric golem
 10476 | D        | Received a gift from Sif Muna
 10497 | D        | Noticed an ancient lich
 10502 | D        | Killed an ancient lich
 10569 | D        | Noticed a pearl dragon
 10575 | D        | Killed a pearl dragon
 10607 | D        | Noticed Nikola
 10610 | D        | Killed Nikola
 10709 | D        | Noticed an Ice Fiend
 10713 | D        | Learned a level 6 spell: Deflect Missiles
 10714 | D        | Killed an Ice Fiend
 10727 | D        | Reached skill level 5 in Air Magic
 10739 | D        | Noticed Doimn the pandemonium lord
 10742 | D        | Noticed an electric golem
 10769 | D        | Killed Doimn the pandemonium lord
 10769 | D        | Received a gift from Sif Muna
 10769 | D        | Received a gift from Sif Muna
 10769 | D        | Gained mutation: You are immune to clouds of flame.
                  | [demonic ancestry]
 10769 | D        | Reached XP level 19. HP: 98/173 MP: 5/46
 10774 | D        | Killed an electric golem
 10774 | D        | Received a gift from Sif Muna
 10897 | D        | Reached skill level 15 in Air Magic
 10919 | D        | Noticed a pearl dragon
 10923 | D        | Killed a pearl dragon
 10970 | D        | Identified Sif Muna's Handbook of Glacial Confrontation
                  | (Sif Muna gifted it to you in the Dungeon)
 10970 | D        | Received a gift from Sif Muna
 10973 | D        | Reached skill level 5 in Charms
 10974 | D        | Noticed the Serpent of Hell
 11043 | D        | Killed the Serpent of Hell
 11148 | D        | Learned a level 8 spell: Lehudib's Crystal Spear
 11172 | D        | Noticed a Tzitzimitl
 11175 | D        | Killed a Tzitzimitl
 11181 | D        | Noticed Frederick
 11181 | D        | Noticed an ancient lich
 11183 | D        | Killed an ancient lich
 11184 | D        | Killed Frederick
 11185 | D        | Identified Sif Muna's Almanac of Mutagenic Summoning (Sif
                  | Muna gifted it to you in the Dungeon)
 11185 | D        | Received a gift from Sif Muna
 11193 | D        | Reached skill level 27 in Invocations
 11198 | D        | Noticed a Tzitzimitl
 11200 | D        | Killed a Tzitzimitl
 11256 | D        | Noticed a greater mummy
 11256 | D        | Noticed an ancient lich
 11408 | D        | Noticed a golden dragon
 11410 | D        | Killed a golden dragon
 11441 | D        | Noticed a Killer Klown
 11443 | D        | Noticed a Killer Klown
 11445 | D        | Noticed a Brimstone Fiend
 11445 | D        | Killed a Killer Klown
 11447 | D        | Killed a Killer Klown
 11449 | D        | Killed a Brimstone Fiend
 11483 | D        | Noticed an orb of fire
 11487 | D        | Gained mutation: Your spells are a little easier to cast,
                  | but a little less powerful. [an orb of fire]
 11489 | D        | Gained mutation: Scrolls take you a little longer to read.
                  | [an orb of fire]
 11490 | D        | Killed an orb of fire
 11494 | D        | Lost mutation: Scrolls take you a little longer to read.
                  | [potion of mutation]
 11494 | D        | Lost mutation: Your spells are a little easier to cast, but
                  | a little less powerful. [potion of mutation]
 11494 | D        | Gained mutation: Scrolls take you a little longer to read.
                  | [potion of mutation]
 11494 | D        | Gained mutation: You are somewhat resistant to further
                  | mutation. [potion of mutation]
 11502 | D        | Got the ring "Becul" {rPois rF++ Str+4 Dex+4}
 11556 | D        | Killed a greater mummy
 11556 | D        | Killed an ancient lich
 11556 | D        | Reached skill level 27 in Fighting
 11556 | D        | Gained mutation: You are robust. (+10% HP) [demonic
                  | ancestry]
 11556 | D        | Reached XP level 20. HP: 186/213 MP: 17/47
 11562 | D        | Noticed Mara
 11565 | D        | Noticed TheOrbIsALie's illusion
 11566 | D        | Killed Mara
 11590 | D        | Noticed a greater mummy
 11592 | D        | Killed a greater mummy
 11668 | D        | Got an iron rune of Zot
 11808 | D        | Noticed the 27-headed Lernaean hydra
 11810 | D        | Reached skill level 27 in Dodging
 11810 | D        | Identified Dekhlitt Eham's Disquisition on Flying Changing
                  | (Sif Muna gifted it to you in the Dungeon)
 11810 | D        | Received a gift from Sif Muna
 11810 | D        | Noticed Coitaefini the pandemonium lord
 11811 | D        | Killed the 27-headed Lernaean hydra
 11813 | D        | Killed Coitaefini the pandemonium lord
 11813 | D        | Identified Sif Muna's Incunabulum of Moulding (Sif Muna
                  | gifted it to you in the Dungeon)
 11813 | D        | Received a gift from Sif Muna
 11832 | D        | Noticed Ereshkigal
 11834 | D        | Reached skill level 27 in Conjurations
 11835 | D        | Noticed a golden dragon
 11840 | D        | Killed a golden dragon
 11841 | D        | Killed Ereshkigal
 11967 | D        | Identified the +4 dragonskin cloak
 11967 | D        | Noticed Tiamat
 11974 | D        | Killed Tiamat
 11974 | D        | Reached skill level 27 in Fire Magic
 11974 | D        | Reached skill level 10 in Earth Magic
 12013 | D        | Gained mutation: You are very robust. (+20% HP) [demonic
                  | ancestry]
 12013 | D        | Reached XP level 21. HP: 216/244 MP: 30/48
 12014 | D        | Noticed Teatwain the pandemonium lord
 12015 | D        | Reached skill level 15 in Earth Magic
 12017 | D        | Noticed Viretim the pandemonium lord
 12025 | D        | Killed Teatwain the pandemonium lord
 12070 | D        | Noticed Xtahua
 12075 | D        | Killed Xtahua
 12080 | D        | Killed Viretim the pandemonium lord
 12082 | D        | Noticed a greater mummy
 12084 | D        | Identified the +7 sceptre of Asmodeus
 12084 | D        | Noticed Asmodeus
 12087 | D        | Killed a greater mummy
 12145 | D        | Killed Asmodeus
 12241 | D        | Noticed Khufu
 12245 | D        | Killed Khufu
 12271 | D        | Noticed a greater mummy
 12274 | D        | Killed a greater mummy
 12299 | D        | Identified the +4 staff of Dispater
 12299 | D        | Noticed Dispater
 12343 | D        | Killed Dispater
 12343 | D        | Reached skill level 27 in Earth Magic
 12488 | D        | Noticed an ancient lich
 12490 | D        | Killed an ancient lich
 12493 | D        | Reached skill level 27 in Spellcasting
 12494 | D        | Noticed a greater mummy
 12495 | D        | Gained mutation: You are extremely robust. (+30% HP)
                  | [demonic ancestry]
 12495 | D        | Reached XP level 22. HP: 244/275 MP: 2/53
 12500 | D        | Killed a greater mummy
 12502 | D        | Noticed an ancient lich
 12506 | D        | Killed an ancient lich
 12510 | D        | Noticed an ancient lich
 12512 | D        | Noticed Jesed the pandemonium lord
 12524 | D        | Killed an ancient lich
 12524 | D        | Reached skill level 27 in Stealth
 12525 | D        | Noticed Jemapn the pandemonium lord
 12526 | D        | Killed Jesed the pandemonium lord
 12535 | D        | Killed Jemapn the pandemonium lord
 12724 | D        | Reached skill level 27 in Armour
 12728 | D        | Reached XP level 23. HP: 248/284 MP: 4/54
 12928 | D        | Got the Orb of Zot
 13014 | D        | Escaped with the Orb!

Vault maps used:
D:        pitsprint

Skill      XL: |  1  2  3  4  5  6  7  8  9 10 11 12 13 14 15 16 17 18 19 20 21 22 23 |
---------------+----------------------------------------------------------------------+-----
Conjurations   | 5 7 10 11 12 17 20 24 27 | 27.0
Spellcasting   | 5 9 12 15 21 23 27 | 27.0
Fighting       | 6 10 11 12 21 27 | 27.0
Dodging        | 2 6 10 21 22 27 | 27.0
Invocations    | 6 16 27 | 27.0
Fire Magic     | 8 16 20 23 27 | 27.0
Earth Magic    | 9 14 27 | 27.0
Translocations | 18 19 20 26 | 26.3
Stealth        | 21 23 27 | 27.0
Air Magic      | 13 16 | 16.1
Charms         | 7 |  7.8
Armour         | 27 | 27.0

Action                   |  1- 3 |  4- 6 |  7- 9 | 10-12 | 13-15 | 16-18 | 19-21 | 22-24 || total
-------------------------+-------+-------+-------+-------+-------+-------+-------+-------++-------
Melee: Quarterstaff      |    27 |     5 |       |       |       |       |       |       ||    32
       Unarmed           |    10 |       |       |       |       |       |       |       ||    10
       Headbutt          |       |     2 |       |     1 |       |       |     2 |       ||     5
       Staff             |       |       |       |    11 |     1 |       |     3 |     1 ||    16
 Cast: Magic Dart        |     7 |    22 |     3 |    47 |     3 |       |       |       ||    82
       Iskenderun's Myst |       |     9 |    48 |   117 |    30 |       |       |       ||   204
       Fireball          |       |       |       |    79 |    76 |       |       |       ||   155
       Fire Storm        |       |       |       |       |    66 |    80 |   105 |    40 ||   291
       Iron Shot         |       |       |       |       |    17 |    28 |    22 |     6 ||    73
       Blink             |       |       |       |       |     6 |    10 |     4 |       ||    20
       Controlled Blink  |       |       |       |       |       |     4 |     5 |       ||     9
       Lehudib's Crystal |       |       |       |       |       |       |    29 |     3 ||    32
       Deflect Missiles  |       |       |       |       |       |       |     2 |       ||     2
Invok: Channel Magic     |       |       |     4 |    12 |    22 |    14 |    16 |     5 ||    73
  Use: Potion            |     2 |     4 |       |     1 |     5 |     1 |     6 |       ||    19
       Scroll            |       |       |       |       |       |     2 |       |       ||     2
 Stab: Sleeping          |     1 |       |       |       |       |       |       |       ||     1
  Eat: Chunk             |       |     2 |     4 |    14 |    11 |       |       |       ||    31
       Ration            |       |       |       |     2 |     1 |     2 |     4 |     2 ||    11
Armor: Robe              |     6 |     1 |     2 |       |       |       |       |       ||     9
       Troll leather arm |       |       |     1 |    28 |    22 |     2 |       |       ||    53
Dodge: Dodged            |    19 |     6 |     9 |    49 |    87 |    52 |    66 |    20 ||   308
       Deflected         |       |       |       |       |       |       |     7 |     1 ||     8

Table legend:
 A = Non-vault XP
 B = Vault XP
 C = Vault XP percentage of total XP
 D = Non-vault monster count
 E = Vault monster count
 F = Vault count percentage of total count
                 A         B        C        D         E       F
            +---------+---------+-------+---------+---------+-------
      Total |     265 |  889442 | 100.0 |       1 |     581 |  99.8
            +---------+---------+-------+---------+---------+-------
          D |     265 |  889442 | 100.0 |       1 |     581 |  99.8
            +---------+---------+-------+---------+---------+-------
